 Seeded DCSS version 0.29.1-12-g30fa7ad0bf (webtiles) character file.

Game seed: 7196415089472874889 (custom seed)

2466 GigaChad the Cleaver (level 9, -12/78 HPs)
             Began as a Minotaur Fighter on Dec 16, 2022.
             Was a Believer of Trog.
             Engulfed by a cloud of flame (24 damage)
             ... on level 8 of the Dungeon.
             The game lasted 00:11:20 (5271 turns).

GigaChad the Cleaver (Minotaur Fighter)             Turns: 5271, Time: 00:11:21

Health: -12/78     AC: 11    Str: 31    XL:     9   Next: 26%
Magic:  8/8        EV: 17    Int:  5    God:    Trog [**....]
Gold:   369        SH:  5    Dex: 10    Spells: 8/8 levels left

rFire   . . .      SeeInvis +   s - +14 obsidian axe {vorpal, Mesm Drain Fly SInv}
rCold   . . .      Faith    .   c - +0 buckler
rNeg    . . .      Spirit   .   n - +0 chain mail
rPois   .          Reflect  .   (helmet restricted)
rElec   +          Harm     .   h - +0 cloak
rCorr   .          Rampage  .   (no gloves)
Will    .....                   (no boots)
Stlth   ..........              g - amulet "Pilac" {Fly rElec Regen+}
HPRegen 1.03/turn               u - +4 ring of evasion
MPRegen 0.11/turn               B - ring "Amiwackexag" {EV+4 Str+6}

@: flying, mesmerised
A: horns 2, retaliatory headbutt
a: Renounce Religion, Berserk, Trog's Hand


You were on level 8 of the Dungeon.
You worshipped Trog.
Trog was pleased with you.
You visited 2 branches of the dungeon, and saw 9 of its levels.
You also visited: Sewer.

You collected 369 gold pieces.

Inventory:

Hand Weapons
 a - a +0 war axe
 s - the +14 obsidian axe (weapon) {vorpal, Mesm Drain Fly SInv}
   (You acquired it on level 3 of the Dungeon)

   It inflicts extra damage upon your enemies.
   It occasionally summons demons to assist the wielder when it strikes in
   combat.
   Its wielder is mesmerised by any visible foes.
   It cannot be unequipped while any foes are visible.
   SInv:      It lets you see invisible.
   Fly:       It grants you flight.
   Drain:     It drains your maximum health when unequipped.
 A - the +4 hammer of the Dancing Wolf {flame, Drain rCorr MP+9 Dex-2}
   (You found it on level 4 of the Dungeon)

   It burns those it strikes, dealing additional fire damage.
   Dex:       It affects your dexterity (-2).
   MP:        It affects your magic capacity (+9).
   rCorr:     It protects you from acid and corrosion.
   Drain:     It drains your maximum health when unequipped.
Armour
 b - a +0 scale mail
 c - a +0 buckler (worn)
 h - a +0 cloak (worn)
 n - a +0 chain mail (worn)
Jewellery
 g - the amulet "Pilac" (around neck) {Fly rElec Regen+}
   (You acquired it on level 1 of the Dungeon)

   [amulet of regeneration]

   rElec:     It insulates you from electricity.
   Fly:       It grants you flight.
   Regen:     It increases your rate of health regeneration.
 k - a ring of protection from fire
 t - a ring of flight
 u - a +4 ring of evasion (left hand)
 y - a ring of see invisible
 B - the ring "Amiwackexag" (right hand) {EV+4 Str+6}
   (You found it on level 5 of the Dungeon)

   [ring of evasion]

   EV:        It affects your evasion (+4).
   Str:       It affects your strength (+6).
Wands
 C - a wand of charming (1)
Scrolls
 i - 4 scrolls of immolation
 l - 2 scrolls of teleportation
 m - 2 scrolls of identify
 p - a scroll of amnesia {unknown}
 q - a scroll of enchant armour {unknown}
 r - 2 scrolls of poison
 x - a scroll of noise {unknown}
 z - a scroll of brand weapon {unknown}
 E - 2 scrolls of blinking {unknown}
 H - a scroll of vulnerability {unknown}
Potions
 d - a potion of might
 e - 2 potions of resistance {unknown}
 f - 2 potions of lignification {unknown}
 j - 2 potions of curing
 o - a potion of attraction {unknown}
 v - 2 potions of cancellation {unknown}
 w - a potion of berserk rage {unknown}
 D - 2 potions of heal wounds
 F - a potion of haste {unknown}
 G - a potion of degeneration {unknown}
 I - a potion of flight {unknown}


   Skills:
 + Level 6.6 Fighting
 + Level 11.6 Axes
 + Level 7.2 Armour
 + Level 1.3 Dodging
 + Level 1.5 Stealth
 + Level 5.2 Shields


You had 8 spell levels left.
You didn't know any spells.
Your spell library contained the following spells:

 Spells                   Type           Power      Damage    Failure   Level
 Shock                    Conj/Air       0%         1d3       96%         1
 Swiftness                Air            0%         N/A       100%        3
 Airstrike                Air            0%         2d(0-16)  100%        4


Dungeon Overview and Level Annotations

Branches:
Dungeon (8/15)             Temple (1/1) D:4           Sewer (visited)
   Lair: D:8-11

Altars:
Ashenzari
Cheibriados
Dithmenos
Elyvilon
Fedhas
Gozag
Hepliaklqana
Kikubaaqudgha
Makhleb
Okawaru
Qazlal
Ru
Trog
Uskayaw
Vehumet
Wu Jian
Xom
Yredelemnul
Zin
The Shining One

Shops:
D:2 !   D:5 *

Annotations:
Temple 2 transporters


Innate Abilities, Weirdness & Mutations

You have a pair of horns on your head.
You reflexively headbutt those who attack you in melee.


Message History

The creatures around you are filled with an inner flame!
The wyvern hisses angrily.
A gnoll comes into view. It is wielding a +0 flail.
Aiming: Charm
Press: ? - help, Shift-Dir - straight line, f - orc
Aim: an orc, wielding a +0 whip (inner flame, chance to affect: 66%)
The orc wizard resists with some effort.
The gnoll shouts!
A gnoll comes into view. It is wielding a +0 flail.
An orc comes into view. It is wielding a +0 short sword.
The orc shouts!
You hear a shout!
An orc comes into view. It is wielding a +0 club.
The orc wizard casts a spell at you.
You easily resist.
The gnoll moves out of view.
The orc moves out of view.
A gnoll comes into view. It is wielding a +0 spear.
The gnoll shouts!
You closely miss the orc wizard.
Flame seeps out of the orc wizard.
You headbutt the orc wizard.
The orc wizard is moderately wounded.
You slice the orc!! Trog accepts your kill.
The orc explodes!
The fiery explosion engulfs the orc!!
Trog accepts your kill.
The fiery explosion engulfs the orc wizard!!
You are no longer entranced.
Trog accepts your kill.
You can now call upon Trog for regeneration and willpower.
Trog appreciates your killing of a magic user.
The fiery explosion engulfs you!!!
The orc wizard explodes!
The fiery explosion engulfs you!!
* * * LOW HITPOINT WARNING * * *
The orc explodes!
The fiery explosion engulfs the wyvern!!
Flame seeps out of the wyvern.
The wyvern is almost dead.
Visions of slaying the wyvern flood into your mind.
You are engulfed in blazing flames.
You die...

##
######.........###...
#..#.....#........#
...
#........#......... .
##................
###.#............
##.#.#............
#................
#...§§§§......#..
....§§○@....###
....l§§§.....#
...[.§§§.......
##.##.......... #..
#o......$.. #g
....#......
gg..##...... .....
......


You could see a wyvern (mesmerising, inner flame), 2 gnolls and an orc.

Vanquished Creatures
  Prince Ribbit (D:5)
  A steam dragon (D:8)
  Edmund (D:5)
  A black bear (D:6)
  An ogre (D:5)
  2 lemures (D:5)
  A phantom (D:5)
  A scorpion (D:5)
  3 bullfrogs (D:7)
  2 wights (D:8)
  An electric eel (D:7)
  2 hounds (D:6)
  3 jellies
  Crazy Yiuf (D:4)
  2 gnoll boudas (D:5)
  2 orc priests (D:4)
  3 iguanas
  An orc wizard (D:8)
  9 gnolls (D:5)
  7 adders
  An ufetubus (D:5)
  4 worms
  3 dart slugs
  9 orcs
  7 endoplasms
  A giant cockroach (D:2)
  4 goblins
  8 hobgoblins
  5 jackals
  3 kobolds
  A quokka (D:2)
  8 ball pythons
  8 bats
  4 frilled lizards
  7 rats
118 creatures vanquished.

Vanquished Creatures (collateral kills)
  Pikel (D:5)
  A kobold brigand (D:6)
  A scorpion (D:5)
  A jelly (D:6)
  A gnoll bouda (D:5)
  2 gnolls (D:5)
  An adder (D:5)
  A river rat (D:5)
  A white imp (D:6)
  A dart slug (D:5)
  A ball python (D:5)
  2 kobolds (D:6)
14 creatures vanquished.

Vanquished Creatures (others)
  A wight (D:8)
1 creature vanquished.

Grand Total: 133 creatures vanquished

Notes
Turn   | Place    | Note
-------+----------+-------------------------------------------
     0 | D:1      | GigaChad the Minotaur Fighter began the quest for the Orb.
     0 | D:1      | Reached XP level 1. HP: 19/19 MP: 0/0
   535 | D:1      | Identified a scroll of acquirement
   535 | D:1      | Acquired the amulet "Pilac" {Fly rElec Regen+}
   559 | D:1      | Reached XP level 2. HP: 27/27 MP: 1/1
   898 | D:2      | Reached XP level 3. HP: 33/33 MP: 2/2
   899 | D:2      | Reached skill level 3 in Axes
   928 | D:2      | Found Zeusig's Distillery.
  1376 | D:2      | Reached XP level 4. HP: 40/40 MP: 3/3
  1740 | D:3      | Reached skill level 4 in Axes
  1832 | D:3      | Acquired the +14 obsidian axe {vorpal, Mesm Drain Fly SInv}
  1832 | D:3      | Found the +14 obsidian axe {vorpal, Mesm Drain Fly SInv}
  2292 | D:4      | Reached XP level 5. HP: 47/47 MP: 4/4
  2406 | D:4      | Found a runed translucent door.
  2440 | D:4      | Found a staircase to the Ecumenical Temple.
  2465 | Temple   | Entered the Ecumenical Temple
  2465 | Temple   | Found a transporter.
  2465 | Temple   | Found a transporter.
  2467 | Temple   | Found a transporter.
  2467 | Temple   | Found a transporter.
  2487 | Temple   | Became a worshipper of Trog the Wrathful
  2562 | D:4      | Reached skill level 5 in Axes
  2799 | D:4      | Noticed Crazy Yiuf
  2965 | D:4      | Killed Crazy Yiuf
  2970 | D:4      | Identified the +4 hammer of the Dancing Wolf {flame, Drain
                  | rCorr MP+9 Dex-2}
  3042 | D:5      | Entered Level 5 of the Dungeon
  3071 | D:5      | Reached XP level 6. HP: 53/53 MP: 5/5
  3071 | D:5      | Identified the ring "Amiwackexag" {EV+4 Str+6}
  3080 | D:5      | Noticed Edmund
  3086 | D:5      | Killed Edmund
  3087 | D:5      | Reached skill level 6 in Axes
  3087 | D:5      | Reached skill level 5 in Armour
  3145 | D:5      | Noticed Pikel
  3153 | D:5      | Killed Pikel
  3154 | D:5      | Reached skill level 5 in Fighting
  3154 | D:5      | Reached skill level 8 in Axes
  3154 | D:5      | Reached XP level 7. HP: 51/61 MP: 6/6
  3188 | D:5      | Found a white marble altar of Elyvilon.
  3243 | D:5      | Reached XP level 8. HP: 67/69 MP: 7/7
  3261 | D:5      | Reached skill level 9 in Axes
  3295 | D:5      | Found Yjiletekh's Overcharged Wands.
  3337 | D:5      | Noticed Prince Ribbit
  3344 | D:5      | Killed Prince Ribbit
  3502 | D:5      | Reached skill level 1 in Stealth
  3512 | D:5      | Reached * piety under Trog
  3516 | D:5      | Reached skill level 10 in Axes
  3516 | D:5      | Found a stormy altar of Qazlal.
  3517 | D:5      | Found a glowing drain.
  3540 | Sewer    | Entered a sewer
  4077 | D:6      | Reached skill level 5 in Shields
  4084 | D:6      | Reached skill level 1 in Dodging
  4087 | D:6      | Reached skill level 11 in Axes
  4191 | D:6      | Found a shadowy altar of Dithmenos.
  4540 | D:7      | Reached XP level 9. HP: 77/77 MP: 8/8
  5271 | D:8      | Reached ** piety under Trog
  5271 | D:8      | Engulfed by a cloud of flame

Illustrated notes

Levels and vault maps discovered:
D:1:      dreamdust_arrival_beginning_and_end, layout_basic,
          ebering_ecumenical_altar_webs, serial_rivers,
          chequers_serial_rivers_micro_c, chequers_serial_rivers_large_a,
          chequers_serial_rivers_marsh, chequers_serial_rivers_micro_d,
          chequers_serial_rivers_marsh, minivault_26
D:2:      layout_basic, serial_shops, shop
D:3:      layout_basic
D:4:      layout_basic, minmay_temple_entry_statues_fountains,
          uniq_crazy_yiuf_cottage
D:5:      layout_loops_ring, overflow_temple_1_default, kennysheep_little_box,
          portal_sewer_entry_c, nicolae_shop_overcharged_wands,
          uniq_prince_ribbit1, uniq_pikel, uniq_edmund
D:6:      layout_loops_cross, grunt_dithmenos_smoke_and_mirrors
D:7:      layout_basic, nrook_campfire, kennysheep_another_room,
          minmay_misc_feat_cross, nicolae_lava_and_water
D:8:      layout_cave_pools, uniq_maggie, uniq_grum
Temple:   hellmonk_temple_divided_pantheon

Skill      XL: |  1  2  3  4  5  6  7  8  9 |
---------------+----------------------------+-----
Fighting       | 4 5 6 |  6.6
Armour         | 4 5 6 7 |  7.2
Axes           | 3 4 5 8 11 | 11.6
Shields        | 4 5 |  5.2
Stealth        | 1 |  1.5
Dodging        | 1 |  1.3

Action                   |  1- 3 |  4- 6 |  7- 9 || total
-------------------------+-------+-------+-------++-------
Melee: War axe           |    59 |    26 |       ||    85
       Headbutt          |     5 |     5 |    10 ||    20
       Broad axe         |       |    38 |    71 ||   109
Evoke: Wand              |       |       |     1 ||     1
  Use: Scroll            |     2 |     4 |     2 ||     8
Armor: Scale mail        |    45 |       |       ||    45
       Chain mail        |     3 |    37 |    23 ||    63
Dodge: Dodged            |    37 |    33 |    52 ||   122
Block: Buckler           |    20 |    15 |    16 ||    51
